 Dungeon Crawl Stone Soup version 0.20-a0-820-g557356e (webtiles) character file.

1757 Musica the Grappler (level 8, -3/78 HPs)
             Began as a Troll Monk on Mar 4, 2017.
             Was a Believer of Uskayaw.
             Killed by divine providence
             ... invoked by an orc priest
              (16 damage)
             ... on level 6 of the Dungeon.
             The game lasted 00:16:17 (4095 turns).

Musica the Grappler (Troll Monk)                    Turns: 4095, Time: 00:16:18

Health: -3/78      AC:  7    Str: 20    XL:     8   Next: 79%
Magic:  15/17      EV: 12    Int:  6    God:    Uskayaw [**....]
Gold:   242        SH:  0    Dex: 14    Spells: 7/7 levels left

rFire    . . .     SeeInvis .     - Unarmed
rCold    . . .     Gourm    +   a - +0 robe
rNeg     . . .     Faith    .   (no shield)
rPois    .         Spirit   .   (helmet restricted)
rElec    .         Reflect  .   y - +1 cloak
rCorr    .         Harm     .   (gloves unavailable)
MR       .....                  (boots unavailable)
Stlth    ++........             (no amulet)
Regen    0.7/turn               (no ring)
MPRegen  0.2/turn               G - ring of magical power

@: flying, very slightly contaminated, hasted, very quick
A: unfitting armour, claws 3, fast metabolism 3, gourmand, regeneration 1,
shaggy fur 1, tough skin 2
a: Stomp, Line Pass, Renounce Religion


You were on level 6 of the Dungeon.
You worshipped Uskayaw.
Uskayaw was noncommittal.
You were very full.

You visited 2 branches of the dungeon, and saw 8 of its levels.

You collected 242 gold pieces.

Inventory:

Hand Weapons
 i - a +1 hunting sling
 J - a +0 blowgun
Missiles
 g - 23 sling bullets
 s - 7 needles of confusion
 K - 2 poisoned needles
Armour
 a - a +0 robe (worn)
 y - a +1 cloak (worn)
Jewellery
 d - an uncursed ring of see invisible
 q - an uncursed ring of poison resistance
 G - a ring of magical power (left claw)
Wands
 o - a wand of scattershot (1/9)
 w - a wand of digging (18/24)
 E - a wand of polymorph (10/24)
Scrolls
 c - 2 scrolls of teleportation
 e - 5 scrolls of enchant weapon
 k - 5 scrolls of remove curse
 l - 3 scrolls of fear
 m - 2 scrolls of immolation
 B - a scroll of amnesia {unknown}
 F - a scroll of torment {unknown}
 I - 2 scrolls of identify
Potions
 h - a potion of haste
 p - a potion of mutation {unknown}
 r - a potion of invisibility {unknown}
 t - 2 potions of might {unknown}
 u - a potion of heal wounds {unknown}
 x - a potion of resistance {unknown}
 z - 4 potions of brilliance {unknown}
 A - a potion of curing
Books
 C - a book of Minor Magic

   Spells                             Type                      Level
   a - Magic Dart                     Conjuration                  1
   b - Blink                          Translocation                2
   c - Call Imp                       Summoning                    2
   d - Slow                           Hexes                        2
   e - Conjure Flame                  Conjuration/Fire             3
   f - Mephitic Cloud                 Conjuration/Poison/Air       3
 D - a book of Flames

   Spells                             Type                      Level
   a - Flame Tongue                   Conjuration/Fire             1
   b - Throw Flame                    Conjuration/Fire             2
   c - Conjure Flame                  Conjuration/Fire             3
   d - Inner Flame                    Hexes/Fire                   3
   e - Sticky Flame                   Conjuration/Fire             4
   f - Fireball                       Conjuration/Fire             5
Comestibles
 b - 9 bread rations
 j - 2 royal jellies
 n - 3 meat rations
 v - 11 fruits


   Skills:
 + Level 3.9 Fighting
 - Level 3.3 Slings
 + Level 0.5(2.8) Throwing
 + Level 4.3 Dodging
 - Level 1.0 Stealth
 + Level 8.3 Unarmed Combat
 * Level 2.2 Invocations


You had 7 spell levels left.
You didn't know any spells.

Dungeon Overview and Level Annotations

Branches:
Dungeon (7/15)             Temple (1/1) D:4

Altars:
Ashenzari
Cheibriados
Dithmenos
Elyvilon
Fedhas
Gozag
Hepliaklqana
Kikubaaqudgha
Nemelex Xobeh
Okawaru
Qazlal
Ru
Sif Muna
Trog
Uskayaw
Vehumet
Wu Jian
Xom
Yredelemnul
Zin
The Shining One


Innate Abilities, Weirdness & Mutations

You are too large for most types of armour.
You have claws for hands.
Your metabolism is lightning-fast.
You like to eat raw meat.
Your natural rate of healing is unusually fast.
You are covered in fur. (AC +1)
You have very tough skin. (AC +2)


Message History

The orc priest barely misses you.
Items here: ) ? [ † a mace; a plate armour; a scroll of enchant weapon; an orc corpse You mangle the orc priest!!
You kill the orc priest!
The orc wizard casts a spell at you. The puff of flame hits you!
You can now pass through a line of other dancers.
The orc wizard hits you but does no damage.
The orc priest mumbles some strange prayers to Beogh against you.
Beogh smites you!
* * * LOW HITPOINT WARNING * * *
Things that are here:
a falchion; a chain mail; an orc corpse You barely miss the orc wizard.
The orc wizard points at you and mumbles some strange words.
The puff of frost misses you.
The orc priest invokes the aid of Beogh against you.
Beogh smites you!
You die...

########.##########.#
.........#..........#
########.#.########.#
#...# #.# #.####### #.#
########......####># .
.......'.........#.#
....########......##.#..
.(.(o{o@).........##.#..
....#######.########<#..
. #.# #.'..
#.##########..
#.........##..
#.........##..
#.........####
#............#
##.....#####.#


You could see an orc priest and an orc wizard.

Vanquished Creatures
  Sigmund (D:6)
  A human (D:6)
  A water moccasin (D:6)
  The ghost of luab the Cudgeler, an amateur TrFi (D:3)
  An orc warrior (D:6)
  A sky beast (D:3)
  2 phantoms (D:4)
  2 ogres (D:5)
  3 bullfrogs (D:6)
  A bullfrog skeleton (D:4)
  2 hounds
  A jelly (D:6)
  3 orc priests
  2 orc wizards
  2 iguanas (D:5)
  4 worker ants
  A hound zombie (D:5)
  7 adders
  An ooze (D:4)
  An adder zombie (D:5)
  2 worms
  2 dart slugs
  3 leopard geckos
  14 orcs
  3 bats
  3 giant cockroaches
  7 goblins
  6 hobgoblins
  2 jackals (D:3)
  4 kobolds
  2 quokkas
  A ball python (D:1)
  A frilled lizard (D:2)
  A quokka skeleton (D:6)
  4 rats
93 creatures vanquished.

Notes
Turn   | Place    | Note
-------+----------+-------------------------------------------
     0 | D:1      | Musica the Troll Monk began the quest for the Orb.
     0 | D:1      | Reached XP level 1. HP: 22/22 MP: 0/0
   494 | D:1      | Reached XP level 2. HP: 29/29 MP: 1/1
   775 | D:3      | Found a sacrificial altar of Ru.
   797 | D:2      | Reached XP level 3. HP: 35/36 MP: 2/2
   952 | D:2      | Found a hide-covered altar of Uskayaw.
   987 | D:2      | Became a worshipper of Uskayaw the Reveler
   987 | D:2      | Reached * piety under Uskayaw
  1293 | D:3      | Reached XP level 4. HP: 44/44 MP: 3/3
  1435 | D:3      | Noticed luab's ghost (amateur TrFi)
  1445 | D:3      | Reached ** piety under Uskayaw
  1447 | D:3      | Killed luab's ghost
  1447 | D:3      | Reached skill level 1 in Slings
  1447 | D:3      | Reached skill level 4 in Unarmed Combat
  1447 | D:3      | Reached XP level 5. HP: 9/53 MP: 0/4
  1487 | D:3      | Noticed a sky beast
  1603 | D:3      | Killed a sky beast
  1603 | D:3      | Reached XP level 6. HP: 53/61 MP: 1/5
  1752 | D:5      | Entered Level 5 of the Dungeon
  1994 | D:4      | Found a staircase to the Ecumenical Temple.
  2000 | Temple   | Entered the Ecumenical Temple
  2282 | D:4      | Reached *** piety under Uskayaw
  2283 | D:4      | Reached **** piety under Uskayaw
  2391 | D:5      | Reached XP level 7. HP: 67/67 MP: 6/6
  2417 | D:4      | Reached skill level 5 in Unarmed Combat
  2833 | D:5      | Found a blossoming altar of Fedhas.
  2953 | D:5      | Reached skill level 6 in Unarmed Combat
  2993 | D:5      | Found a glowing golden altar of the Shining One.
  3158 | D:5      | Found an iron altar of Okawaru.
  3258 | D:6      | Reached XP level 8. HP: 67/76 MP: 7/7
  3304 | D:6      | Reached skill level 7 in Unarmed Combat
  3365 | D:6      | Reached skill level 1 in Invocations
  3391 | D:6      | Noticed Sigmund
  3395 | D:6      | Killed Sigmund
  3817 | D:6      | Reached skill level 8 in Unarmed Combat
  4095 | D:6      | Killed from afar by an orc priest

Vault maps used:
D:1:      dpeg_arrival_pits
D:2:      eat_drink_and_be_merry_uskayaw
D:3:      lemuel_round_altar
D:4:      minmay_temple_entry_fiery
D:5:      kennysheep_mini_moat, fedhas_altar_fruit_tree, kennysheep_mini,
          first_bread
D:6:      corexii_shack_village, interstate_on_off, minivault_4, uniq_sigmund
D:7:      grunt_ogre_cave, uniq_prince_ribbit1, uniq_pikel,
          uniq_crazy_yiuf_cottage
Temple:   eino_temple_scatter_basement

Skill      XL: |  1  2  3  4  5  6  7  8 |
---------------+-------------------------+-----
Dodging        | 3 4 |  4.3
Fighting       | 3 |  3.9
Slings         | 1 2 3 |  3.3
Unarmed Combat | 4 6 8 |  8.3
Invocations    | 2 |  2.2
Throwing       | |  0.5
Stealth        | |  1.0

Action                   |  1- 3 |  4- 6 |  7- 9 || total
-------------------------+-------+-------+-------++-------
Melee: Unarmed           |    32 |    71 |   142 ||   245
       Punch             |       |       |     4 ||     4
 Fire: Hunting sling     |    41 |     9 |       ||    50
       Blowgun           |       |       |     5 ||     5
Invok: Stomp             |       |     3 |     3 ||     6
Evoke: Wand              |       |       |     1 ||     1
  Use: Scroll            |    10 |       |     1 ||    11
       Potion            |       |       |     4 ||     4
 Stab: Sleeping          |       |     2 |     1 ||     3
       Paralysed         |       |     1 |       ||     1
  Eat: Chunk             |    14 |    14 |    14 ||    42
Armor: Robe              |     8 |    14 |    31 ||    53
Dodge: Dodged            |    15 |    32 |    58 ||   105
